 Dungeon Crawl Stone Soup version 0.17-a0-2027-gcac42c4 (webtiles) character file.

154 graki42 the Insei (level 5, 0/45 HPs)
             Began as a Naga Transmuter on Oct 10, 2015.
             Slain by graki42's ghost (8 damage)
             ... on level 3 of the Dungeon.
             The game lasted 00:11:13 (3758 turns).

graki42 the Insei (Naga Transmuter)                 Turns: 3758, Time: 00:11:13

Health: 0/45       AC:  3    Str: 12    XL:     5   Next: 36%
Magic:  2/9        EV: 10    Int: 14    God:
Gold:   114        SH:  0    Dex: 12    Spells: 3 memorised, 4 levels left

rFire  . . .     SeeInvis +       - Unarmed
rCold  . . .     Clarity  .     b - +0 robe
rNeg   . . .     SustAt   .     (no shield)
rPois  +         Gourm    .     (no helmet)
rElec  .         Spirit   .     l - +0 cloak (curse)
rCorr  .         Warding  .     (no gloves)
rMut   .         Stasis   .     (no barding)
MR     .....                    (no amulet)
Stlth  +.........               (no ring)
                                (no ring)

@: very slightly contaminated, very slow, not resistant to hostile enchantments,
very unstealthy
A: see invisible, deformed body, poison resistance, slowness 2, slow metabolism
1, spit poison 2, AC +1
a: Spit Poison


You were on level 3 of the Dungeon.
You were hungry.

You visited 1 branch of the dungeon, and saw 3 of its levels.

You collected 114 gold pieces.

Inventory:

Missiles
 a - 71 arrows
 g - 4 arrows of flame
Armour
 b - a +0 robe (worn)
 l - a cursed +0 cloak (worn)
 q - a +0 cloak
Jewellery
 o - an uncursed amulet of stasis {unknown}
Scrolls
 h - 6 scrolls of identify {unknown}
 i - a scroll of enchant armour {unknown}
Potions
 e - a potion of degeneration {unknown}
 j - 3 potions of heal wounds {unknown}
 k - 3 potions of mutation {unknown}
 m - 2 potions of lignification {unknown}
 n - a potion of beneficial mutation {unknown}
Books
 c - a book of Changes

   Spells                             Type                      Level
   a - Beastly Appendage              Transmutation                1
   b - Sticks to Snakes               Transmutation                2
   c - Spider Form                    Transmutation/Poison         3
   d - Ice Form                       Ice/Transmutation            4
   e - Blade Hands                    Transmutation                5
Comestibles
 d - a bread ration
 f - a meat ration


   Skills:
 + Level 1.9 Fighting
 + Level 2.3 Dodging
 + Level 3.6 Unarmed Combat
 + Level 3.1 Spellcasting
 + Level 2.8 Transmutations
 + Level 0.6 Poison Magic


You had 4 spell levels left.
You knew the following spells:

 Your Spells              Type           Power        Failure   Level  Hunger
a - Beastly Appendage     Trmt           ##....       10%         1    #......
b - Spider Form           Trmt/Pois      #.........   30%         3    ###....
c - Sticks to Snakes      Trmt           ##........   12%         2    ##.....


Dungeon Overview and Level Annotations

Branches:
Dungeon (3/15)

Altars:
Ashenzari

Annotations:
D:3 graki42's ghost, amateur NaTm


Innate Abilities, Weirdness & Mutations

You cannot wear boots.
Your serpentine skin is tough (AC +1).
You have supernaturally acute eyesight.
Armour fits poorly on your strangely shaped body.
Your system is resistant to poisons.
You cover ground very slowly.
You have a slow metabolism.
You can spit poison.


Message History

Your transformation has ended.
Your cursed +0 cloak unmelds from your body.
Your +0 robe unmelds from your body.
Your ball python closely misses graki42's ghost.
Graki42's ghost hits you!
* * * LOW HITPOINT WARNING * * *
You hit graki42's ghost but do no damage.
Graki42's ghost is severely damaged.
Your ball python barely misses graki42's ghost.
Graki42's ghost hits you.
* * * LOW HITPOINT WARNING * * *
You closely miss graki42's ghost.
Graki42's ghost is severely damaged.
Your ball python bites graki42's ghost but does no damage.
Graki42's ghost completely misses you.
Your ball python bites graki42's ghost but does no damage.
You closely miss graki42's ghost.
Graki42's ghost is severely damaged.
Graki42's ghost hits you!
You die...

# #...##.#
#.##...##.##########
#.........##.......#
#...............#
##..####........#
#(.)(.)........#
######.####........#
#...##.............#
#♣.>.♣#######..W@...#
.......#########S####
.<.♣...'.........#
.......###########
#♣.<.♣## ##...#
###### # ..


You could see graki42's ghost and a friendly ball python.

Vanquished Creatures
  An orc wizard (D:3)
  An iguana (D:3)
  A gnoll (D:1)
  2 adders
  An ooze (D:3)
  4 worms
  3 orcs (D:3)
  4 giant cockroaches
  10 goblins
  3 hobgoblins
  4 jackals
  9 bats
  4 giant newts
  7 kobolds
  4 rats
58 creatures vanquished.

Vanquished Creatures (others)
  A bat (D:1)
  A giant newt (D:1)
2 creatures vanquished.

Grand Total: 60 creatures vanquished

Notes
Turn   | Place    | Note
--------------------------------------------------------------
     0 | D:1      | graki42 the Naga Transmuter began the quest for the Orb.
     0 | D:1      | Reached XP level 1. HP: 18/18 MP: 3/3
   456 | D:1      | Reached XP level 2. HP: 9/25 MP: 1/5
  1006 | D:1      | Reached XP level 3. HP: 14/31 MP: 4/6
  1431 | D:1      | Learned a level 3 spell: Spider Form
  2286 | D:2      | Reached XP level 4. HP: 20/38 MP: 2/7
  3265 | D:3      | Found a shattered altar of Ashenzari.
  3329 | D:3      | Reached XP level 5. HP: 42/44 MP: 7/9
  3343 | D:3      | Noticed graki42's ghost (amateur NaTm)
  3729 | D:3      | Learned a level 2 spell: Sticks to Snakes
  3758 | D:3      | Slain by graki42's ghost

Vault maps used:
D:1:      dpeg_arrival_pits, serial_glass, glass_columns_c, glass_columns_c,
          lemuel_flame_loot_1
D:3:      first_bread, roderic_roman_lattice, grunt_ministairs_7,
          grunt_ashenzari_visionary, uniq_iyjb

Action                   |  1- 3 |  4- 6 || total
-------------------------+-------+-------++-------
Melee: Unarmed           |   125 |   113 ||   238
 Cast: Beastly Appendage |    29 |    12 ||    41
       Spider Form       |     2 |     7 ||     9
       Sticks to Snakes  |       |     1 ||     1
 Stab: Sleeping          |       |     1 ||     1
  Eat: Chunk             |     4 |     3 ||     7
       Pizza             |       |     1 ||     1
